 Dungeon Crawl Stone Soup version 0.20.1-1-g8b1a95d (webtiles) character file.

1493 letownia2 the Reanimator (level 8, -1/69 HPs)
             Began as a Deep Dwarf Necromancer on Dec 17, 2017.
             Killed from afar by a crimson imp (19 damage)
             ... with a wand of lightning (?/15)
             ... on level 6 of the Dungeon.
             The game lasted 00:15:04 (4413 turns).

letownia2 the Reanimator (Deep Dwarf Necromancer)   Turns: 4413, Time: 00:15:04

Health: -1/69      AC:  6    Str: 12    XL:     8   Next: 51%
Magic:  14/14      EV: 14    Int: 18    God:
Gold:   334        SH:  0    Dex: 13    Spells: 11/15 levels left

rFire    . . .     SeeInvis .   a - +1 flail (crush)
rCold    . . .     Gourm    .   (no shield)
rNeg     . . .     Faith    .   o - +0 ring mail
rPois    .         Spirit   .   (no helmet)
rElec    .         Reflect  .   (no cloak)
rCorr    .         Harm     .   (no gloves)
MR       +....                  m - +0 pair of boots
Stlth    +.........             (no amulet)
Regen    0.0/turn               w - +3 ring of evasion
MPRegen  0.2/turn               (no ring)

@: non-regenerating
A: damage resistance, heal wounds, sense surroundings 1, no regeneration
a: Heal Wounds


You were on level 6 of the Dungeon.
You were not hungry.

You visited 1 branch of the dungeon, and saw 6 of its levels.

You collected 334 gold pieces.

Inventory:

Hand Weapons
 a - a +1 flail of crushing (weapon)
 d - a +0 shortbow
 i - a +0 war axe
 H - a +0 hand axe
Missiles
 j - 41 bolts
 D - 20 arrows
Armour
 m - a +0 pair of boots (worn)
 o - a +0 ring mail (worn)
Jewellery
 w - a +3 ring of evasion (left hand)
Wands
 n - a wand of acid (7/15)
Scrolls
 p - a scroll of enchant weapon {unknown}
 r - a scroll of random uselessness {unknown}
 s - a scroll of fog {unknown}
 t - 2 scrolls of teleportation {unknown}
 u - a scroll of magic mapping {unknown}
 v - 2 scrolls of blinking {unknown}
 x - a scroll of enchant armour {unknown}
 y - 3 scrolls of recharging {unknown}
 B - 4 scrolls of identify
 E - 2 scrolls of remove curse {unknown}
 F - a scroll of noise {unknown}
Potions
 e - 2 potions of haste {unknown}
 f - 2 potions of curing {unknown}
 h - 3 potions of heal wounds {unknown}
 l - a potion of brilliance {unknown}
 q - 2 potions of might {unknown}
 z - 2 potions of flight {unknown}
 A - 2 potions of mutation {unknown}
Books
 b - a book of Necromancy

   Spells                             Type                      Level
   a - Pain                           Necromancy                   1
   b - Animate Skeleton               Necromancy                   1
   c - Vampiric Draining              Necromancy                   3
   d - Regeneration                   Charms/Necromancy            3
   e - Animate Dead                   Necromancy                   4
   f - Control Undead                 Necromancy                   4
Comestibles
 c - 4 bread rations
 k - 3 meat rations


   Skills:
 - Level 3.1 Fighting
 - Level 4.1 Axes
 - Level 3.1 Armour
 - Level 2.1 Dodging
 - Level 2.4 Stealth
 + Level 4.3 Spellcasting
 + Level 8.9 Necromancy


You had 11 spell levels left.
You knew the following spells:

 Your Spells              Type           Power        Failure   Level  Hunger
a - Pain                  Necr           ####         1%          1    None
v - Vampiric Draining     Necr           #####.....   2%          3    ###....


Dungeon Overview and Level Annotations

Branches:
Dungeon (6/15)
 Temple: D:4-7

Altars:
Xom

Annotations:
D:4 1 exclusion


Innate Abilities, Weirdness & Mutations

You are resistant to damage.
You can heal yourself by infusing magical energy.
You passively map a small area around you.
You do not regenerate.


Message History

Unknown command.
Evoke which item? (* to show all) (? for menu, Esc to quit)
Okay, then.
There are no items here.
You see here 15 gold pieces.
You now have 334 gold pieces (gained 15).
The crimson imp zaps a wand.
The bolt of lightning hits you!
It is a wand of lightning (?/15).
The crimson imp zaps a wand.
The bolt of lightning hits you!
* * * LOW HITPOINT WARNING * * *
There is an open door here.
Evoke which item? (* to show all) (? for menu, Esc to quit)
Aiming: Corrosive Bolt
Press: ? - help, Shift-Dir - straight line, f - crimson imp
Aim: a crimson imp, carrying a wand of lightning (?/15) {zapped: 2} The bolt of acid misses the crimson imp.
This wand has 7 charges left.
The crimson imp grinds its teeth.
The crimson imp zaps a wand.
The bolt of lightning hits you!
You die...

....#.##.# , * * ,*
....#.##.# , ....#.##.#*
* #.###....##+## * * #.#
######...## , #.###
##.....## * , ....#
##.......## *.#. *
....###.........###.....
......'.........@.......
*
....###.........###5...#
* ....# ##.......## *
.##, ##### ##.....## *
.#* ##...## * * * #.#
##+## , ##.# , * # #. *
*


You could see a crimson imp.

Vanquished Creatures
  A troll (D:5)
  An orc warrior (D:6)
  An ice beast (D:5)
  An ogre (D:5)
  A phantom (D:5)
  A centaur (D:5)
  A water moccasin zombie (D:6)
  A bullfrog (D:6)
  A howler monkey (D:5)
  A centaur zombie (D:6)
  3 hounds
  A bullfrog skeleton (D:6)
  2 orc priests (D:6)
  6 orc wizards
  An iguana (D:6)
  2 worker ants (D:4)
  A hound zombie (D:6)
  A hound skeleton (D:6)
  2 howler monkey zombies (D:6)
  A worker ant zombie (D:6)
  6 adders
  2 shadow imps
  3 adder zombies
  2 worms (D:3)
  A dart slug (D:2)
  3 leopard geckos
  15 orcs
  A ball python (D:5)
  2 giant cockroaches (D:3)
  5 goblins
  5 hobgoblins
  11 jackals
  A quokka (D:6)
  4 bats
  5 frilled lizards
  A jackal skeleton (D:4)
  A quokka skeleton (D:4)
  A rat (D:4)
99 creatures vanquished.

Vanquished Creatures (others)
  An orc wizard (D:4)
  A bat (D:3)
  A quokka (D:3)
3 creatures vanquished.

Grand Total: 102 creatures vanquished

Notes
Turn   | Place    | Note
-------+----------+-------------------------------------------
     0 | D:1      | letownia2 the Deep Dwarf Necromancer began the quest for the Orb.
     0 | D:1      | Reached XP level 1. HP: 15/15 MP: 3/3
   198 | D:1      | Reached XP level 2. HP: 22/22 MP: 0/5
   402 | D:3      | Reached skill level 5 in Necromancy
   512 | D:3      | Reached XP level 3. HP: 15/28 MP: 3/6
   519 | D:3      | Learned a level 3 spell: Vampiric Draining
   955 | D:3      | Reached skill level 6 in Necromancy
   955 | D:3      | Reached XP level 4. HP: 18/36 MP: 1/7
  1432 | D:4      | Reached skill level 7 in Necromancy
  1432 | D:4      | Reached XP level 5. HP: 34/42 MP: 1/8
  2122 | D:4      | Reached XP level 6. HP: 44/49 MP: 2/9
  2380 | D:5      | Entered Level 5 of the Dungeon
  2490 | D:5      | Found a shimmering altar of Xom.
  2737 | D:5      | Reached skill level 1 in Fighting
  2796 | D:5      | Noticed a troll
  2824 | D:5      | Killed a troll
  2824 | D:5      | Reached XP level 7. HP: 33/61 MP: 0/13
  2989 | D:5      | Reached skill level 8 in Necromancy
  3277 | D:5      | Reached skill level 1 in Armour
  3501 | D:5      | Reached XP level 8. HP: 64/69 MP: 2/14
  3785 | D:6      | Reached skill level 1 in Axes
  4413 | D:6      | Killed from afar by a crimson imp

Skill      XL: |  1  2  3  4  5  6  7  8 |
---------------+-------------------------+-----
Spellcasting   | 2 4 |  4.3
Necromancy     | 5 6 7 8 |  8.9
Fighting       | 2 3 |  3.1
Armour         | 2 3 |  3.1
Axes           | 4 |  4.1
Dodging        | |  2.1
Stealth        | |  2.4

Action                   |  1- 3 |  4- 6 |  7- 9 || total
-------------------------+-------+-------+-------++-------
Melee: Hand axe          |    46 |    77 |   117 ||   240
       Flail             |       |       |    27 ||    27
 Fire: Shortbow          |       |     4 |    36 ||    40
 Cast: Pain              |    43 |    42 |     1 ||    86
       Vampiric Draining |     8 |    26 |    32 ||    66
Evoke: Wand              |     1 |     2 |     2 ||     5
  Use: Scroll            |     1 |       |       ||     1
  Eat: Chunk             |     2 |     9 |     8 ||    19
Armor: Leather armour    |    22 |     1 |       ||    23
       Ring mail         |       |    55 |    64 ||   119
Dodge: Dodged            |    42 |    87 |   152 ||   281
